 Dungeon Crawl Stone Soup version 0.18-a0-373-gaf408bd (webtiles) character file.

3453 endege the Spear-Bearer (level 9, 0/81 HPs)
             Began as a Deep Dwarf Wanderer on Nov 29, 2015.
             Was a Follower of Makhleb.
             Slain by an ogre
             ... wielding a cursed +0 giant club
              (10 damage)
             ... on level 9 of the Dungeon.
             The game lasted 00:09:49 (7749 turns).

endege the Spear-Bearer (Deep Dwarf Wanderer)       Turns: 7749, Time: 00:09:49

Health: 0/81       AC: 15    Str: 20    XL:     9   Next: 78%
Magic:  0/0        EV:  6    Int: 14    God:    Makhleb [*.....]
Gold:   113        SH:  0    Dex: 10    Spells: 0 memorised, 10 levels left

rFire  + . .     SeeInvis +     z - +0 halberd
rCold  . . .     Clarity  .     k - +0 plate armour
rNeg   . . .     SustAt   .     (shield currently unavailable)
rPois  .         Gourm    .     r - +2 helmet
rElec  +         Spirit   .     (no cloak)
rCorr  .         Warding  .     m - +0 pair of gloves
rMut   .         Stasis   .     D - -6 pair of boots of the Wumpus {rElec MR+++ Slay-5 SInv}
MR     ++++.                    (no amulet)
Stlth  ..........               u - ring of protection from fire
                                C - +4 ring of protection

@: about to teleport, non-regenerating, incredibly resistant to hostile
enchantments, extremely unstealthy
A: damage resistance, recharge devices, talons 1, sense surroundings 2, slow
regeneration 3
a: Device Recharging, Renounce Religion


You were on level 9 of the Dungeon.
You worshipped Makhleb.
Makhleb was aware of your devotion.
You were not hungry.

You visited 2 branches of the dungeon, and saw 10 of its levels.
You also visited: Sewer.

You collected 387 gold pieces.
You spent 274 gold pieces at shops.


Innate Abilities, Weirdness & Mutations

You are resistant to damage.
You can recharge devices by infusing magical energy.
You passively map the area around you.
You do not regenerate naturally.
You have sharp toenails.


   Skills:
 - Level 5.4 Fighting
 + Level 10.7 Polearms
 - Level 1.0 Throwing
 - Level 3.7 Armour
 - Level 0.7 Dodging
 - Level 1.2 Stealth
 - Level 1.7 Unarmed Combat
 - Level 1.0 Spellcasting
   Level 1.0 Summonings
   Level 1.3 Earth Magic
 + Level 4.6 Invocations


You had 10 spell levels left.
You didn't know any spells.

Inventory:

Hand Weapons
 z - a +0 halberd (weapon)
Armour
 j - a +0 pair of boots
 k - a +0 plate armour (worn)
 m - a +0 pair of gloves (worn)
 r - a +2 helmet (worn)
 D - the -6 pair of boots of the Wumpus (worn) {rElec MR+++ Slay-5 SInv}
   (You bought it in a shop on level 7 of the Dungeon)

   It affects your accuracy and damage with ranged weapons and melee attacks
   (-5).
   It insulates you from electricity.
   It affects your resistance to hostile enchantments.
   It lets you see invisible.
Jewellery
 n - a +2 ring of evasion
 u - a ring of protection from fire (right hand)
 C - a +4 ring of protection (left hand)
Wands
 I - a wand of disintegration (9)
 Y - a wand of heal wounds (0)
Scrolls
 w - 2 scrolls of identify
 y - 2 scrolls of remove curse
Potions
 a - a potion of haste
 o - a potion of cure mutation
 s - 4 potions of curing
 x - a potion of might
 B - a potion of brilliance {unknown}
 H - a potion of poison {unknown}
Books
 d - the Grimoire of the Hunter

   Spells                             Type                      Level
   a - Summon Small Mammal            Summoning                    1
   b - Call Canine Familiar           Summoning                    3
Comestibles
 g - 9 bread rations
 i - a royal jelly
 l - 6 meat rations
 t - 7 beef jerkies

Dungeon Overview and Level Annotations

Branches:
Dungeon (9/15)             Temple (1/1) D:5
   Lair: D:8-11         Orc: D:9-12

Altars:
Ashenzari
Cheibriados
Dithmenos
Elyvilon
Fedhas
Gozag
Kikubaaqudgha
Makhleb
Nemelex Xobeh
Okawaru
Qazlal
Ru
Sif Muna
Trog
Vehumet
Xom
Yredelemnul
Zin
The Shining One

Shops:
D:7 [***


Message History

w - 2 scrolls of identify (gained 1)
You now have 113 gold pieces (gained 19).
You are feeling very hungry.
7734 ||| EATING fruit.
Eat which item? (? for menu, Esc to quit)
That durian smelled terrible... but tasted delicious!
A yak and an ogre come into view.
The ogre shouts!
The yak bellows!
Found 37 gold pieces.
A yak comes into view.
7748 ||| READING scroll of teleportation.
As you read the scroll of teleportation, it crumbles to dust.
You feel strangely unstable.
The yak bellows!
The ogre barely misses you. 2 yaks come into view.
The yak bellows! x2
You hit the ogre but do no damage. The ogre hits you with a giant club!
You die...

* ####.#### #...#
** #.#######.## ,
, #......##.# * *
**,*#########.##.#
..........##.# ###
, ########..##.#
.. , #####.....#
#o #......####
,#.## , * #@######
,#.<. #.O.# #..# ,
#...# ..... #.Y.#
,.....a. * * *
#..$# #.##.##.# *
, , * #.Y.# **#,
#. ..# , #..YY, *
*.,,... , $..Y. ,
,.., ..# ,, , , ,
, ,,,


You could see 5 yaks and an ogre.

Vanquished Creatures
  The ghost of Armakuni the Skirmisher, a novice DEAK of Lugonu (D:5)
  A wyvern (D:6)
  A sky beast (D:7)
  An orc warrior (D:6)
  A phantom (D:7)
  A black bear (D:8)
  A necrophage (D:8)
  8 ogres
  A centaur (D:5)
  4 giant frogs
  A big kobold (D:7)
  2 scorpions
  5 killer bees (D:8)
  A quasit (D:6)
  4 crimson imps
  A centaur zombie (D:6)
  A jelly (D:7)
  2 orc priests
  5 hounds
  A centaur skeleton (D:4)
  4 iguanas
  A giant frog skeleton (D:4)
  6 worker ants
  A killer bee zombie (D:7)
  A hound skeleton (D:5)
  Robin (D:4)
  5 gnolls
  3 river rats (Sewer)
  5 adders
  A shadow imp (D:6)
  2 oozes
  2 adder skeletons
  2 worms
  7 giant geckos
  19 orcs
  2 bats (D:1)
  5 giant cockroaches
  15 goblins
  10 hobgoblins
  4 ball pythons
  15 giant newts
  8 jackals
  2 jackal skeletons
  17 kobolds
  4 quokkas
  11 rats
196 creatures vanquished.

Notes
Turn   | Place    | Note
--------------------------------------------------------------
     0 | D:1      | endege the Deep Dwarf Wanderer began the quest for the Orb.
     0 | D:1      | endege set off with: a potion of haste, a scroll of fear, a +0 spear, the Grimoire of the Hunter, a +0 robe, a wand of heal wounds (5), a bread ration
     0 | D:1      | Reached XP level 1. HP: 20/20 MP: 2/2
     0 | D:1      | 0 ||| counter = 53
    77 | D:1      | Reached skill level 1 in Polearms
   146 | D:1      | Reached XP level 2. HP: 13/27 MP: 3/3
   167 | D:1      | HP: 5/27 [hobgoblin/club (4)]
   168 | D:1      | 168 ||| ZAPPING wand of heal wounds (5).
   539 | D:1      | Reached XP level 3. HP: 26/33 MP: 4/4
   602 | D:1      | 602 ||| ZAPPING wand of heal wounds (4).
   607 | D:1      | 607 ||| ZAPPING wand of heal wounds (3).
   611 | D:1      | 611 ||| MP-RECHARGING wand of heal wounds (2).
   829 | D:1      | 829 ||| UPGRADING to pair of gloves.
   834 | D:1      | 834 ||| UPGRADING to runed ring mail.
   844 | D:1      | 844 ||| DROPPING +0 robe.
   845 | D:1      | 845 ||| UPGRADING to shiny helmet.
   850 | D:1      | 850 ||| READING scroll labeled CIYG ESMAKK.
   851 | D:1      | 851 ||| READING 2 scrolls labeled SAWKEU TUPN.
   852 | D:1      | 852 ||| READING scroll labeled XISISI WUCLOPH.
   853 | D:1      | 853 ||| DROPPING scroll of fear.
  1009 | D:2      | 1009 ||| Stepping ~*~*~tactically~*~*~ (reaching).
  1011 | D:2      | 1011 ||| Stepping ~*~*~tactically~*~*~ (reaching).
  1013 | D:2      | 1013 ||| Stepping ~*~*~tactically~*~*~ (reaching).
  1014 | D:2      | 1014 ||| Stepping ~*~*~tactically~*~*~ (reaching).
  1034 | D:2      | 1034 ||| ZAPPING wand of heal wounds (4).
  1036 | D:2      | 1036 ||| MP-RECHARGING wand of heal wounds (3).
  1098 | D:2      | Reached skill level 3 in Polearms
  1324 | D:2      | 1324 ||| READING scroll labeled ESA VOIGAYLO.
  1325 | D:2      | 1325 ||| DRINKING 2 white potions.
  1326 | D:2      | 1326 ||| READING scroll of identify.
  1326 | D:2      | 1326 ||| IDENTIFYING ruby ring
  1327 | D:2      | 1327 ||| UPGRADING to +4 ring of protection.
  1328 | D:2      | 1328 ||| DROPPING potion of cancellation.
  1370 | D:3      | 1370 ||| Stepping ~*~*~tactically~*~*~ (outnumbered).
  1371 | D:3      | 1371 ||| Stepping ~*~*~tactically~*~*~ (outnumbered).
  1382 | D:3      | Reached XP level 4. HP: 36/40 MP: 3/3
  1766 | D:3      | 1766 ||| Stepping ~*~*~tactically~*~*~ (outnumbered).
  1873 | D:3      | Reached skill level 4 in Polearms
  2045 | D:3      | Found a glowing drain.
  2046 | D:3      | 2046 ||| Found Sewer.
  2049 | Sewer    | Entered a sewer
  2050 | Sewer    | 2050 ||| Entered Sewer.
  2057 | Sewer    | Reached XP level 5. HP: 34/46 MP: 4/4
  2168 | Sewer    | 2168 ||| Stepping ~*~*~tactically~*~*~ (water).
  2207 | Sewer    | 2207 ||| Stepping ~*~*~tactically~*~*~ (water).
  2217 | Sewer    | 2217 ||| Stepping ~*~*~tactically~*~*~ (water).
  2219 | Sewer    | 2219 ||| ZAPPING wand of heal wounds (6).
  2405 | Sewer    | 2405 ||| Stepping ~*~*~tactically~*~*~ (water).
  2436 | Sewer    | 2436 ||| READING scroll labeled DOPEUJ MILEEMA.
  2437 | Sewer    | 2437 ||| READING 2 scrolls labeled DAC UCYNEVUDAB.
  2438 | Sewer    | 2438 ||| READING scroll labeled JICEEN WIGEC.
  2439 | Sewer    | 2439 ||| DRINKING 3 fuming coppery potions.
  2440 | Sewer    | 2440 ||| DRINKING 2 inky potions.
  2441 | Sewer    | 2441 ||| DRINKING 3 purple potions.
  2442 | Sewer    | 2442 ||| DRINKING 2 orange potions.
  2443 | Sewer    | 2443 ||| DRINKING 2 viscous emerald potions.
  2444 | Sewer    | 2444 ||| READING scroll of identify.
  2444 | Sewer    | 2444 ||| IDENTIFYING large diamond ring
  2445 | Sewer    | 2445 ||| UPGRADING to ring of protection from fire.
  2446 | Sewer    | 2446 ||| DROPPING 2 potions of magic.
  2447 | Sewer    | 2447 ||| DROPPING scroll of amnesia.
  2448 | Sewer    | 2448 ||| DROPPING potion of invisibility.
  2503 | D:4      | Noticed an ogre
  2507 | D:4      | 2507 ||| STAIRDANCE
  2517 | D:4      | 2517 ||| STAIRDANCE
  2526 | D:3      | HP: 11/46 [ogre/giant spiked club (13)]
  2527 | D:3      | 2527 ||| DRINKING potion of heal wounds.
  2528 | D:3      | 2528 ||| ZAPPING wand of heal wounds (5).
  2529 | D:3      | Killed an ogre
  2529 | D:3      | Reached skill level 5 in Polearms
  2583 | D:4      | Reached XP level 6. HP: 33/55 MP: 5/5
  2762 | D:4      | 2762 ||| ZAPPING wand of heal wounds (4).
  2767 | D:4      | 2767 ||| MP-RECHARGING wand of heal wounds (3).
  2826 | D:4      | Reached skill level 3 in Fighting
  2925 | D:4      | Reached skill level 6 in Polearms
  2935 | D:4      | 2935 ||| Stepping ~*~*~tactically~*~*~ (outnumbered).
  2936 | D:4      | 2936 ||| Stepping ~*~*~tactically~*~*~ (outnumbered).
  2937 | D:4      | 2937 ||| Stepping ~*~*~tactically~*~*~ (outnumbered).
  3000 | D:4      | Found a shadowy altar of Dithmenos.
  3006 | D:4      | Noticed Robin
  3008 | D:4      | 3008 ||| Stepping ~*~*~tactically~*~*~ (outnumbered).
  3009 | D:4      | 3009 ||| Stepping ~*~*~tactically~*~*~ (outnumbered).
  3010 | D:4      | 3010 ||| Stepping ~*~*~tactically~*~*~ (outnumbered).
  3011 | D:4      | 3011 ||| Stepping ~*~*~tactically~*~*~ (outnumbered).
  3012 | D:4      | 3012 ||| Stepping ~*~*~tactically~*~*~ (outnumbered).
  3013 | D:4      | 3013 ||| Stepping ~*~*~tactically~*~*~ (outnumbered).
  3021 | D:4      | 3021 ||| Stepping ~*~*~tactically~*~*~ (outnumbered).
  3025 | D:4      | 3025 ||| Stepping ~*~*~tactically~*~*~ (outnumbered).
  3026 | D:4      | 3026 ||| Stepping ~*~*~tactically~*~*~ (outnumbered).
  3028 | D:4      | 3028 ||| Stepping ~*~*~tactically~*~*~ (outnumbered).
  3029 | D:4      | 3029 ||| Stepping ~*~*~tactically~*~*~ (outnumbered).
  3030 | D:4      | 3030 ||| Stepping ~*~*~tactically~*~*~ (outnumbered).
  3052 | D:4      | Killed Robin
  3052 | D:4      | Reached XP level 7. HP: 40/62 MP: 5/5
  3436 | D:4      | 3436 ||| READING scroll labeled NOACKO AXAO.
  3439 | D:4      | 3439 ||| DRINKING 2 fizzy white potions.
  3440 | D:4      | 3440 ||| READING 3 scrolls of identify.
  3440 | D:4      | 3440 ||| IDENTIFYING large moonstone ring
  3441 | D:4      | 3441 ||| UPGRADING to +2 ring of evasion.
  3443 | D:4      | 3443 ||| READING 2 scrolls of identify.
  3443 | D:4      | 3443 ||| IDENTIFYING glowing brown potion
  3444 | D:4      | 3444 ||| DRINKING potion of beneficial mutation.
  3444 | D:4      | Gained mutation: You have sharp toenails. [potion of beneficial mutation]
  3445 | D:4      | 3445 ||| DROPPING wand of lightning.
  3449 | D:5      | Entered Level 5 of the Dungeon
  3482 | D:5      | 3482 ||| ZAPPING wand of heal wounds (9).
  3486 | D:5      | Reached skill level 7 in Polearms
  3595 | D:5      | Found a sacrificial altar of Ru.
  3610 | D:5      | 3610 ||| Stepping ~*~*~tactically~*~*~ (outnumbered).
  3611 | D:5      | 3611 ||| Stepping ~*~*~tactically~*~*~ (outnumbered).
  3709 | D:5      | Noticed Armakuni's ghost (novice DEAK)
  3716 | D:5      | 3716 ||| Stepping ~*~*~tactically~*~*~ (outnumbered).
  3717 | D:5      | 3717 ||| Stepping ~*~*~tactically~*~*~ (outnumbered).
  3718 | D:5      | 3718 ||| Stepping ~*~*~tactically~*~*~ (outnumbered).
  3719 | D:5      | 3719 ||| Stepping ~*~*~tactically~*~*~ (outnumbered).
  3721 | D:5      | 3721 ||| Stepping ~*~*~tactically~*~*~ (outnumbered).
  3722 | D:5      | 3722 ||| Stepping ~*~*~tactically~*~*~ (outnumbered).
  3723 | D:5      | 3723 ||| Stepping ~*~*~tactically~*~*~ (outnumbered).
  3730 | D:5      | Paralysed by Armakuni's ghost for 2 turns
  3732 | D:5      | HP: 11/62 [iguana (10)]
  3733 | D:5      | 3733 ||| ZAPPING wand of heal wounds (8).
  3740 | D:5      | 3740 ||| ZAPPING wand of heal wounds (7).
  3743 | D:5      | 3743 ||| DRINKING 3 potions of curing.
  3743 | D:5      | 3743 ||| (to cure confusion)
  3747 | D:5      | 3747 ||| ZAPPING wand of heal wounds (6).
  3759 | D:5      | 3759 ||| ZAPPING wand of heal wounds (5).
  3772 | D:5      | Killed Armakuni's ghost
  3772 | D:5      | Reached XP level 8. HP: 59/73 MP: 1/6
  3780 | D:5      | 3780 ||| ZAPPING wand of heal wounds (4).
  3781 | D:5      | 3781 ||| MP-RECHARGING wand of heal wounds (3).
  3833 | D:5      | Reached skill level 8 in Polearms
  4020 | D:5      | Found a staircase to the Ecumenical Temple.
  4027 | Temple   | Entered the Ecumenical Temple
  4028 | Temple   | 4028 ||| Entered T.
  4395 | Temple   | 4395 ||| UPGRADING to glowing cabochon ring.
  4397 | Temple   | 4397 ||| READING 3 scrolls of remove curse.
  4398 | Temple   | 4398 ||| UPGRADING to +4 ring of protection.
  4400 | Temple   | 4400 ||| DROPPING +5 ring of dexterity.
  4401 | Temple   | 4401 ||| READING 2 scrolls of identify.
  4401 | Temple   | 4401 ||| IDENTIFYING clear potion
  4402 | Temple   | 4402 ||| DROPPING potion of flight.
  4428 | D:5      | 4428 ||| EATING 4 fruits.
  4709 | D:6      | 4709 ||| EATING 3 fruits.
  4794 | D:6      | Found a white marble altar of Elyvilon.
  4877 | D:6      | 4877 ||| Stepping ~*~*~tactically~*~*~ (reaching).
  4879 | D:6      | 4879 ||| Stepping ~*~*~tactically~*~*~ (reaching).
  4881 | D:6      | 4881 ||| Stepping ~*~*~tactically~*~*~ (reaching).
  4883 | D:6      | 4883 ||| Stepping ~*~*~tactically~*~*~ (reaching).
  4885 | D:6      | 4885 ||| Stepping ~*~*~tactically~*~*~ (reaching).
  4888 | D:6      | 4888 ||| Stepping ~*~*~tactically~*~*~ (reaching).
  4890 | D:6      | 4890 ||| Stepping ~*~*~tactically~*~*~ (reaching).
  4892 | D:6      | 4892 ||| Stepping ~*~*~tactically~*~*~ (reaching).
  4894 | D:6      | 4894 ||| Stepping ~*~*~tactically~*~*~ (reaching).
  4896 | D:6      | 4896 ||| Stepping ~*~*~tactically~*~*~ (reaching).
  4897 | D:6      | 4897 ||| Stepping ~*~*~tactically~*~*~ (reaching).
  4900 | D:6      | 4900 ||| Stepping ~*~*~tactically~*~*~ (reaching).
  4901 | D:6      | 4901 ||| Stepping ~*~*~tactically~*~*~ (reaching).
  4906 | D:6      | 4906 ||| DRINKING potion of heal wounds.
  4920 | D:6      | 4920 ||| ZAPPING wand of heal wounds (7).
  4921 | D:6      | 4921 ||| Stepping ~*~*~tactically~*~*~ (reaching).
  4923 | D:6      | 4923 ||| Stepping ~*~*~tactically~*~*~ (reaching).
  4926 | D:6      | Reached skill level 9 in Polearms
  4927 | D:6      | 4927 ||| Stepping ~*~*~tactically~*~*~ (reaching).
  4928 | D:6      | 4928 ||| Stepping ~*~*~tactically~*~*~ (reaching).
  4929 | D:6      | 4929 ||| Stepping ~*~*~tactically~*~*~ (reaching).
  4932 | D:6      | 4932 ||| Stepping ~*~*~tactically~*~*~ (reaching).
  4933 | D:6      | 4933 ||| Stepping ~*~*~tactically~*~*~ (reaching).
  4935 | D:6      | 4935 ||| Stepping ~*~*~tactically~*~*~ (reaching).
  4940 | D:6      | 4940 ||| Stepping ~*~*~tactically~*~*~ (outnumbered).
  4967 | D:6      | 4967 ||| ZAPPING wand of heal wounds (6).
  4981 | D:6      | 4981 ||| ZAPPING wand of heal wounds (5).
  4994 | D:6      | 4994 ||| ZAPPING wand of heal wounds (4).
  5016 | D:6      | 5016 ||| ZAPPING wand of heal wounds (3).
  5017 | D:6      | 5017 ||| MP-RECHARGING wand of heal wounds (2).
  5453 | D:6      | 5453 ||| UPGRADING to trident.
  5454 | D:6      | 5454 ||| DROPPING +1 spear.
  5455 | D:6      | 5455 ||| UPGRADING to runed leather armour.
  5465 | D:6      | 5465 ||| UPGRADING to plate armour.
  5475 | D:6      | 5475 ||| DROPPING +1 leather armour of poison resistance.
  5476 | D:6      | 5476 ||| DROPPING +0 ring mail of fire resistance.
  5477 | D:6      | 5477 ||| UPGRADING to ring of protection from fire.
  5479 | D:6      | 5479 ||| READING scroll labeled TEPU QALUA.
  5536 | D:6      | 5536 ||| EATING 2 fruits.
  5546 | D:7      | Found Tawi's Assorted Antiques.
  5551 | D:7      | 5551 ||| STAIRDANCE
  5573 | D:7      | Bought a scroll of teleportation for 72 gold pieces
  5573 | D:7      | Bought an ivory ring for 120 gold pieces
  5680 | D:7      | Reached skill level 1 in Armour
  5749 | D:7      | 5749 ||| Stepping ~*~*~tactically~*~*~ (outnumbered).
  5760 | D:7      | 5760 ||| Stepping ~*~*~tactically~*~*~ (outnumbered).
  5806 | D:7      | Gained mutation: You passively map the area around you. [Deep Dwarf growth]
  5806 | D:7      | Reached XP level 9. HP: 69/80 MP: 5/5
  5809 | D:7      | Found a sparkling altar of Nemelex Xobeh.
  5822 | D:7      | Found Tolydghu's Assorted Antiques.
  5831 | D:7      | Bought a scroll of teleportation for 63 gold pieces
  5831 | D:7      | Bought a murky pink potion for 18 gold pieces
  5923 | D:7      | 5923 ||| ZAPPING wand of heal wounds (8).
  5943 | D:7      | Found Vineschu's Armour Emporium.
  5949 | D:7      | Bought the -6 pair of boots of the Wumpus {rElec MR+++ Slay-5 SInv} for 1 gold piece
  5989 | D:7      | Found Posemob's General Store.
  5999 | D:7      | 5999 ||| ZAPPING wand of heal wounds (7).
  6000 | D:7      | Reached skill level 3 in Armour
  6031 | D:7      | Reached skill level 10 in Polearms
  6077 | D:7      | 6077 ||| ZAPPING wand of heal wounds (6).
  6112 | D:7      | 6112 ||| Stepping ~*~*~tactically~*~*~ (outnumbered).
  6113 | D:7      | 6113 ||| Stepping ~*~*~tactically~*~*~ (outnumbered).
  6114 | D:7      | 6114 ||| Stepping ~*~*~tactically~*~*~ (outnumbered).
  6115 | D:7      | 6115 ||| Stepping ~*~*~tactically~*~*~ (outnumbered).
  6116 | D:7      | 6116 ||| Stepping ~*~*~tactically~*~*~ (outnumbered).
  6117 | D:7      | 6117 ||| Stepping ~*~*~tactically~*~*~ (outnumbered).
  6118 | D:7      | 6118 ||| Stepping ~*~*~tactically~*~*~ (outnumbered).
  6119 | D:7      | 6119 ||| Stepping ~*~*~tactically~*~*~ (outnumbered).
  6121 | D:7      | 6121 ||| Stepping ~*~*~tactically~*~*~ (outnumbered).
  6122 | D:7      | 6122 ||| Stepping ~*~*~tactically~*~*~ (outnumbered).
  6124 | D:7      | 6124 ||| Stepping ~*~*~tactically~*~*~ (outnumbered).
  6130 | D:7      | 6130 ||| Stepping ~*~*~tactically~*~*~ (outnumbered).
  6145 | D:7      | 6145 ||| ZAPPING wand of heal wounds (5).
  6157 | D:7      | 6157 ||| UPGRADING to halberd.
  6158 | D:7      | 6158 ||| DROPPING +0 trident.
  6249 | D:7      | Found an iron altar of Okawaru.
  6249 | D:7      | Found a burning altar of Makhleb.
  6252 | D:7      | Became a worshipper of Makhleb the Destroyer
  6417 | D:7      | Reached skill level 1 in Invocations
  6511 | D:7      | 6511 ||| UPGRADING to -6 pair of boots of the Wumpus {rElec MR+++ Slay-5 SInv}.
  6516 | D:7      | 6516 ||| UPGRADING to tiny bone amulet.
  6517 | D:7      | 6517 ||| REMOVING amulet of rage.
  6518 | D:7      | 6518 ||| DROPPING amulet of rage.
  6519 | D:7      | 6519 ||| UPGRADING to ivory ring.
  6521 | D:7      | 6521 ||| READING 3 scrolls of remove curse.
  6522 | D:7      | 6522 ||| REMOVING ring of loudness.
  6523 | D:7      | 6523 ||| DROPPING ring of loudness.
  6524 | D:7      | 6524 ||| UPGRADING to +2 ring of evasion.
  6525 | D:7      | 6525 ||| UPGRADING to +4 ring of protection.
  6527 | D:7      | 6527 ||| READING scroll labeled VUMEOSHR GOBATZ.
  6528 | D:7      | 6528 ||| DRINKING 2 murky pink potions.
  6529 | D:7      | 6529 ||| DRINKING 3 amethyst potions.
  6530 | D:7      | 6530 ||| READING 2 scrolls of identify.
  6530 | D:7      | 6530 ||| IDENTIFYING fuming purple potion
  6531 | D:7      | 6531 ||| DROPPING wand of magic darts.
  6532 | D:7      | 6532 ||| DROPPING potion of agility.
  6533 | D:7      | 6533 ||| DROPPING 2 potions of degeneration.
  6534 | D:7      | 6534 ||| DROPPING potion of lignification.
  6627 | D:8      | Found an ancient bone altar of Kikubaaqudgha.
  6698 | D:8      | Found a shimmering altar of Xom.
  6706 | D:8      | Found a shimmering altar of Xom.
  6706 | D:8      | Found a shimmering altar of Xom.
  6706 | D:8      | Found a shimmering altar of Xom.
  6708 | D:8      | Found a shimmering altar of Xom.
  6709 | D:8      | Found a shimmering altar of Xom.
  6709 | D:8      | Found a shimmering altar of Xom.
  6716 | D:8      | 6716 ||| Stepping ~*~*~tactically~*~*~ (outnumbered).
  6870 | D:8      | Noticed an anubis guard
  6880 | D:8      | Noticed a ghost crab
  6916 | D:8      | Noticed a mana viper
  7089 | D:8      | 7089 ||| Stepping ~*~*~tactically~*~*~ (outnumbered).
  7090 | D:8      | 7090 ||| Stepping ~*~*~tactically~*~*~ (outnumbered).
  7094 | D:8      | Reached skill level 3 in Invocations
  7105 | D:8      | 7105 ||| ZAPPING wand of heal wounds (4).
  7106 | D:8      | 7106 ||| MP-RECHARGING wand of heal wounds (3).
  7220 | D:8      | 7220 ||| ZAPPING wand of heal wounds (6).
  7224 | D:8      | Reached * piety under Makhleb
  7225 | D:8      | 7225 ||| ZAPPING wand of heal wounds (5).
  7280 | D:8      | Noticed a giant orange brain
  7288 | D:8      | Noticed a spark wasp
  7334 | D:8      | 7334 ||| UPGRADING to pair of boots.
  7344 | D:8      | 7344 ||| UPGRADING to -6 pair of boots of the Wumpus {rElec MR+++ Slay-5 SInv}.
  7354 | D:8      | 7354 ||| UPGRADING to pearl ring.
  7356 | D:8      | 7356 ||| REMOVING ring of wizardry.
  7357 | D:8      | 7357 ||| DROPPING ring of wizardry.
  7358 | D:8      | 7358 ||| UPGRADING to +2 ring of evasion.
  7359 | D:8      | 7359 ||| UPGRADING to +4 ring of protection.
  7361 | D:8      | 7361 ||| READING scroll labeled AGEFFI BERASSAWUL.
  7362 | D:8      | 7362 ||| READING 2 scrolls of identify.
  7362 | D:8      | 7362 ||| IDENTIFYING cyan potion
  7363 | D:8      | 7363 ||| DROPPING potion of mutation.
  7410 | D:8      | Noticed an ice dragon
  7418 | D:8      | Noticed a ghost moth
  7427 | D:9      | 7427 ||| STAIRDANCE
  7438 | D:9      | 7438 ||| STAIRDANCE
  7449 | D:8      | 7449 ||| ZAPPING wand of heal wounds (4).
  7454 | D:8      | 7454 ||| ZAPPING wand of heal wounds (3).
  7456 | D:8      | 7456 ||| ZAPPING wand of heal wounds (2).
  7457 | D:8      | 7457 ||| MP-RECHARGING wand of heal wounds (1).
  7458 | D:8      | 7458 ||| ZAPPING wand of heal wounds (7).
  7461 | D:8      | 7461 ||| ZAPPING wand of heal wounds (6).
  7462 | D:8      | 7462 ||| DRINKING 6 potions of curing.
  7462 | D:8      | 7462 ||| (to cure bad poison)
  7463 | D:8      | 7463 ||| ZAPPING wand of heal wounds (5).
  7468 | D:8      | Noticed an emperor scorpion
  7473 | D:8      | 7473 ||| ZAPPING wand of heal wounds (4).
  7477 | D:8      | 7477 ||| ZAPPING wand of heal wounds (3).
  7481 | D:8      | 7481 ||| ZAPPING wand of heal wounds (2).
  7482 | D:8      | 7482 ||| MP-RECHARGING wand of heal wounds (1).
  7485 | D:8      | 7485 ||| ZAPPING wand of heal wounds (4).
  7487 | D:8      | 7487 ||| ZAPPING wand of heal wounds (3).
  7491 | D:8      | 7491 ||| ZAPPING wand of heal wounds (2).
  7492 | D:8      | 7492 ||| MP-RECHARGING wand of heal wounds (1).
  7496 | D:8      | 7496 ||| ZAPPING wand of heal wounds (7).
  7499 | D:8      | 7499 ||| ZAPPING wand of heal wounds (6).
  7503 | D:8      | Noticed a hornet
  7503 | D:8      | 7503 ||| ZAPPING wand of heal wounds (5).
  7507 | D:8      | 7507 ||| ZAPPING wand of heal wounds (4).
  7514 | D:8      | 7514 ||| ZAPPING wand of heal wounds (3).
  7517 | D:8      | 7517 ||| ZAPPING wand of heal wounds (2).
  7518 | D:8      | 7518 ||| MP-RECHARGING wand of heal wounds (1).
  7519 | D:8      | Noticed a five-headed hydra
  7520 | D:8      | 7520 ||| ZAPPING wand of heal wounds (6).
  7525 | D:8      | 7525 ||| ZAPPING wand of heal wounds (5).
  7526 | D:8      | 7526 ||| DRINKING 5 potions of curing.
  7526 | D:8      | 7526 ||| (to cure bad poison)
  7534 | D:8      | 7534 ||| ZAPPING wand of heal wounds (4).
  7542 | D:8      | 7542 ||| ZAPPING wand of heal wounds (3).
  7551 | D:8      | 7551 ||| ZAPPING wand of heal wounds (2).
  7552 | D:8      | Noticed an octopode
  7552 | D:8      | 7552 ||| MP-RECHARGING wand of heal wounds (1).
  7554 | D:8      | 7554 ||| ZAPPING wand of heal wounds (7).
  7558 | D:8      | 7558 ||| ZAPPING wand of heal wounds (6).
  7570 | D:8      | Noticed a ghost moth
  7574 | D:8      | 7574 ||| ZAPPING wand of heal wounds (5).
  7581 | D:8      | 7581 ||| ZAPPING wand of heal wounds (4).
  7585 | D:8      | 7585 ||| ZAPPING wand of heal wounds (3).
  7590 | D:8      | 7590 ||| ZAPPING wand of heal wounds (2).
  7591 | D:8      | 7591 ||| MP-RECHARGING wand of heal wounds (1).
  7596 | D:8      | 7596 ||| ZAPPING wand of heal wounds (3).
  7604 | D:8      | 7604 ||| ZAPPING wand of heal wounds (2).
  7614 | D:8      | Noticed an alligator
  7616 | D:8      | 7616 ||| ZAPPING wand of heal wounds (1).
  7627 | D:8      | Noticed an elephant
  7638 | D:8      | HP: 20/81 [killer bee (1)]
  7639 | D:8      | 7639 ||| READING 3 scrolls of teleportation.
  7664 | D:8      | an alligator changed into a slime creature
  7670 | D:8      | Noticed a deep troll
  7670 | D:8      | 7670 ||| READING 2 scrolls of teleportation.
  7734 | D:9      | 7734 ||| EATING fruit.
  7748 | D:9      | 7748 ||| READING scroll of teleportation.
  7749 | D:9      | Slain by an ogre

Vault maps used:
D:1:      grunt_arrival_lava_bath, corexii_corridor_pit
D:3:      gup_sewer_entry_bowl
D:4:      first_bread, grunt_dithmenos_smoke, uniq_robin
D:5:      nicolae_ru_sacrificial_ziggurat, minmay_temple_entry_junction,
          lemuel_old_faithful
D:6:      elyvilon_altar_1
D:7:      kennysheep_six_static_rooms, nemelex_xobeh_ov_fountains_minmay,
          gammafunk_temple_overflow_elements, serial_shops, shop_fountains,
          shop, nicolae_shop_stone, shop, grunt_ogre_cave, minmay_misc_feat_tiny
D:8:      xom_shifter_show, old_standard_altar, nicolae_zen_rock_garden
D:9:      uniq_grum
Temple:   hc_temple_tempest_star
Sewer:    sewer_co_cracked_pipes

Action                   |  1- 3 |  4- 6 |  7- 9 || total
-------------------------+-------+-------+-------++-------
Melee: Spear             |   198 |   268 |   352 ||   818
       Trident           |       |       |   160 ||   160
       Halberd           |       |       |   301 ||   301
Throw: Tomahawk          |       |    42 |    63 ||   105
 Abil: Device Recharging |     2 |     1 |     9 ||    12
Evoke: Wand              |     4 |     3 |    50 ||    57
  Use: Scroll            |     5 |     4 |    14 ||    23
       Potion            |     1 |     6 |     8 ||    15
 Stab: Sleeping          |     4 |       |       ||     4
       Distracted        |       |       |     1 ||     1
  Eat: Chunk             |     2 |     6 |    13 ||    21
       Fruit             |       |       |     4 ||     4
